 Dungeon Crawl Stone Soup version 0.18.1-2-ga659475 (webtiles) character file.

70028 Gingerlord the Fighter (level 15, 0/98 HPs)
             Began as a Gargoyle Fighter on May 8, 2016.
             Was the Champion of Okawaru.
             Slain by a sixfirhy (2 damage)
             ... summoned by an orc high priest
             ... while paralysed by an orc sorcerer
             ... on level 2 of the Orcish Mines.
             The game lasted 00:59:44 (20919 turns).

Gingerlord the Fighter (Gargoyle Fighter)          Turns: 20919, Time: 00:59:44

Health: 0/98       AC: 42    Str: 20    XL:     15   Next: 31%
Magic:  11/11      EV: -3    Int: 12    God:    Okawaru [******]
Gold:   1148       SH:  0    Dex:  9    Spells: 0 memorised, 14 levels left

rFire  + + .     SeeInvis +     w - +2 great sword (holy)
rCold  + + +     Gourm    .     b - +10 plate armour of Kughinuehei {*Drain rC++ Regen+}
rNeg   + + .     Faith    .     (shield currently unavailable)
rPois  ∞         Spirit   .     (no helmet)
rElec  +         Dismiss  .     P - +1 cloak of Paranoia {rF+ rN+ Dex-3 Stlth+}
rCorr  .         Reflect  +     K - +0 pair of gloves
SustAt .         Harm     .     r - +0 pair of boots
MR     +....                    T - +3 amulet of reflection
Stlth  ..........               v - ring of see invisible
                                M - ring of the Yeti {rF+ MP-9 Int+2 Stlth-}

@: paralysed, drained, somewhat resistant to hostile enchantments, extremely
unstealthy
A: big wings, clumsy 1, cold resistance 1, negative energy resistance 1,
electricity resistance, unbreathing, petrification resistance, rot immunity,
MP-powered wands, AC +11
a: Fly, Heroism, Finesse, Renounce Religion


You were on level 2 of the Orcish Mines.
You worshipped Okawaru.
Okawaru was exalted by your worship.
You were not hungry.

You visited 3 branches of the dungeon, and saw 21 of its levels.
You also visited: Labyrinth, Bailey and Ice Cave.

You collected 2179 gold pieces.
You spent 1031 gold pieces at shops.

Inventory:

Hand Weapons
 w - a +2 great sword of holy wrath (weapon)
 J - the +0 double sword of Okawaru's Generosity {vamp, rElec rC+}
   (Okawaru gifted it to you on level 3 of the Lair of Beasts)

   It inflicts no extra harm, but heals its wielder somewhat when it strikes a
   living foe.
   It protects you from cold.
   It insulates you from electricity.
 N - a +2 demon blade of flaming
Armour
 b - the +10 plate armour of Kughinuehei (worn) {*Drain rC++ Regen+}
   (You found it on level 6 of the Dungeon)

   It greatly protects you from cold.
   It increases your rate of regeneration.
   It causes draining when unequipped.
 o - the +3 cloak "Tedaf" {rPois rF- Regen+ Dex+2}
   (You found it on level 6 of the Dungeon)

   It affects your dexterity (+2).
   It makes you vulnerable to fire.
   It protects you from poison.
   It increases your rate of regeneration.
 p - a +0 shield of cold resistance
 r - a +0 pair of boots (worn)
 K - a +0 pair of gloves (worn)
 P - the +1 cloak of Paranoia (worn) {rF+ rN+ Dex-3 Stlth+}
   (You found it on level 5 of the Lair of Beasts)

   It affects your dexterity (-3).
   It protects you from fire.
   It protects you from negative energy.
   It makes you more stealthy.
Rods
 L - a +5 rod of shadows (10/10)
   (You found it on level 4 of the Lair of Beasts)
Jewellery
 e - the amulet of Ylum {RegenMP +Blink Str+4}
   (You took it off a goblin on level 4 of the Dungeon)

   [amulet of magic regeneration]

   It increases your magic regeneration.
   It affects your strength (+4).
   It lets you blink.
 s - an uncursed ring of protection from fire
 v - a ring of see invisible (right hand)
 C - an uncursed amulet of guardian spirit
 M - the ring of the Yeti (left hand) {rF+ MP-9 Int+2 Stlth-}
   (You found it in an ice cave)

   [ring of loudness]

   It affects your intelligence (+2).
   It protects you from fire.
   It affects your magic capacity (-9).
   It makes you less stealthy.
 T - a +3 amulet of reflection (around neck)
 W - an uncursed ring of resist corrosion
Wands
 a - a wand of heal wounds (6/9)
 h - a wand of digging (20/24)
 i - a wand of digging (12/24)
Scrolls
 d - 8 scrolls of remove curse
 j - a scroll of recharging
 k - 2 scrolls of fog
 l - 8 scrolls of identify
 u - 8 scrolls of enchant armour
 y - a scroll of amnesia
 B - 3 scrolls of teleportation
 D - a scroll of enchant weapon
 H - 2 scrolls of blinking
 O - a scroll of holy word
 Q - a scroll of vulnerability
 S - a scroll of torment
 V - a scroll of silence
Potions
 g - a potion of flight
 q - 2 potions of brilliance
 t - 2 potions of mutation
 x - 21 potions of curing
 A - a potion of lignification
 E - 4 potions of agility
 F - a potion of berserk rage
 G - a potion of might
 I - 2 potions of resistance
 U - 2 potions of haste
 Y - a potion of cancellation
Comestibles
 f - 11 bread rations
 n - 10 meat rations
 z - 34 fruits


   Skills:
 + Level 13.0(12.9) Fighting
 * Level 12.8 Long Blades
 + Level 13.0(12.9) Armour
 + Level 6.8(6.7) Dodging
 - Level 0.2 Stealth
 + Level 12.9 Shields
 - Level 7.9(7.8) Invocations


You had 14 spell levels left.
You didn't know any spells.

Dungeon Overview and Level Annotations

Branches:
Dungeon (11/15)            Temple (0/1) D:7            Lair (8/8) D:8
 Shoals (0/4) Lair:4       Spider (0/4) Lair:3        Slime (0/6) Lair:8
    Orc (2/2) D:10            Elf (0/3) Orc:2

Altars:
Cheibriados
Gozag
Kikubaaqudgha
Makhleb
Nemelex Xobeh
Okawaru
Qazlal
Trog
Vehumet
The Shining One

Shops:
D:8 *   D:9 !   D:11 [   Orc:2 %!

Annotations:
D:11 2 runed doors


Innate Abilities, Weirdness & Mutations

You are resistant to torment.
Your stone body is resilient (AC +11).
You are immune to poison.
Your large and strong wings let you fly indefinitely.
You resist negative energy.
You are resistant to electric shocks.
You can survive without breathing.
You are immune to petrification.
You are immune to rotting.
You are clumsy. (Dex -2)
Your flesh is cold resistant.
You expend magic power (3 MP) to strengthen your wands.


Message History

* * * LOW HITPOINT WARNING * * *
The orc high priest hits you with a dire flail.
* * * LOW HITPOINT WARNING * * *
The orange demon stings you but does no damage.
The orc wizard hits you but does no damage.
The orc sorcerer hits you with a dagger.
* * * LOW HITPOINT WARNING * * *
The orc wizard hits you but does no damage. x2
The orc high priest hits you but does no damage.
The orange demon stings you but does no damage.
The sixfirhy hits you.
* * * LOW HITPOINT WARNING * * *
The sixfirhy shocks you. You resist.
* * * LOW HITPOINT WARNING * * *
The sixfirhy hits you but does no damage. x2
The orc sorcerer hits you but does no damage.
The sixfirhy hits you.
* * * LOW HITPOINT WARNING * * *
The sixfirhy shocks you. You resist.
You die...

..###[.###..............#......##
.###)[###........................
###))###.....................#.#.
##.)###...................#......
#.[###..........(................
).###...............#............
.###.#...........................
[##...........#4o.o..............
[[........).).4o@oo.....#........
...............[[oo..............
......#..........................
.................................
#................................
#................................
.................................
#.#...........^.(..............#.
.#..........#....................


You could see an orc high priest, an orange demon, a sixfirhy, an orc sorcerer,
an orc warrior, an orc priest, 2 orc wizards and an orc.

Vanquished Creatures
  The ghost of MegasTu the Severer, a journeyman DsBe of Trog (Lair:8)
  A minotaur (Lab)
  6 hydras
  Fannar (Lair:2)
  A catoblepas (Lair:8)
  A tengu warrior (D:10)
  A deep troll shaman (Lair:8)
  The ghost of Dharzhak the Blocker, a journeyman GrFi of Gozag (D:10)
  9 death yaks
  8 orc high priests
  2 infernal demonspawn (Orc:2)
  Pikel (D:4)
  A lindwurm (Lair:8)
  A putrid demonspawn (Orc:2)
  A hill giant (D:10)
  5 orc sorcerers
  8 orc knights
  A griffon (Lair:4)
  An oklob plant (Orc:1)
  A sixfirhy (Orc:2)
  A siren (Lair:4)
  Maurice (D:9)
  3 elephants (Lair:8)
  10 black mambas
  A torpor snail (Lair:8)
  2 ice statues (IceCv)
  An orange demon (Orc:2)
  13 spiny frogs
  Psyche (D:9)
  A rime drake (Lair:6)
  9 ice devils (IceCv)
  The ghost of Gingerlord the Shield-Bearer, a novice GrFi of Gozag (D:4)
  7 komodo dragons
  A hellwing (Orc:2)
  2 jumping spiders (Lair:3)
  2 two-headed ogres
  2 trolls
  2 polar bears
  A boulder beetle (Lair:7)
  Grinder (D:5)
  A wraith (D:11)
  28 yaks
  Sigmund (D:3)
  A redback (Lair:3)
  6 wyverns
  4 hippogriffs
  A hungry ghost (D:10)
  A chaos spawn (Orc:2)
  A neqoxec (Orc:2)
  2 steam dragons
  4 basilisks
  A warg (Orc:2)
  Edmund (D:5)
  The ghost of Gingerlord the Shield-Bearer, an amateur GrFi (D:3)
  A soldier ant (D:10)
  10 water moccasins
  2 hell hounds (D:8)
  11 porcupines
  2 wasps (D:9)
  6 ice beasts
  A sky beast (D:10)
  A slave (D:4)
  45 orc warriors
  5 black bears
  5 phantoms
  7 ogres
  14 wolves
  7 centaurs
  11 crocodiles
  2 big kobolds
  Blork the orc (D:5)
  22 giant frogs
  A water moccasin zombie (D:8)
  4 scorpions
  A wyvern skeleton (D:8)
  A troll zombie (D:10)
  4 killer bees (D:10)
  4 howler monkeys
  10 wights
  2 electric eels
  A giant frog zombie (D:9)
  2 crimson imps
  4 jellies
  3 hounds
  16 orc wizards
  A giant frog skeleton (D:8)
  3 centaur skeletons
  24 orc priests
  6 iguanas
  Terence (D:2)
  7 worker ants
  5 ogre zombies (D:10)
  14 sheep
  A hound zombie (D:7)
  2 worker ant zombies
  11 adders
  6 gnolls
  34 river rats
  A shadow imp (D:7)
  20 white imps
  5 ufetubi (IceCv)
  2 oozes
  An adder zombie (D:8)
  5 worms
  A dart slug (D:2)
  6 giant geckos
  79 orcs
  8 giant cockroaches
  5 goblins
  6 hobgoblins
  15 jackals
  7 quokkas
  7 bats
  6 giant newts
  A goblin zombie (D:10)
  3 hobgoblin skeletons (D:10)
  3 hobgoblin zombies (D:10)
  7 kobolds
  An orc skeleton (D:10)
  11 orc zombies (D:10)
  A quokka skeleton (D:5)
  11 rats
700 creatures vanquished.

Vanquished Creatures (others)
  2 white imps (IceCv)
  2 ufetubi (IceCv)
  12 fungi
  3 plants
19 creatures vanquished.

Grand Total: 719 creatures vanquished

Notes
Turn   | Place    | Note
--------------------------------------------------------------
     0 | D:1      | Gingerlord the Gargoyle Fighter began the quest for the Orb.
     0 | D:1      | Reached XP level 1. HP: 14/14 MP: 1/1
     1 | D:1      | Noticed an electric eel
   230 | D:1      | Reached XP level 2. HP: 16/19 MP: 2/2
   945 | D:2      | Reached XP level 3. HP: 21/24 MP: 3/3
  1340 | D:2      | Noticed Terence
  1348 | D:2      | Killed Terence
  1348 | D:2      | Reached skill level 1 in Dodging
  1348 | D:2      | Reached XP level 4. HP: 29/29 MP: 4/4
  1500 | D:3      | HP: 1/29 [gnoll/halberd (6)]
  1649 | D:3      | Noticed Sigmund
  1657 | D:3      | Killed Sigmund
  1657 | D:3      | Reached XP level 5. HP: 22/34 MP: 5/5
  1657 | D:3      | Reached XP level 6. HP: 25/39 MP: 6/6
  1740 | D:3      | Found an opulent altar of Gozag.
  1844 | D:3      | Found a stormy altar of Qazlal.
  2094 | D:3      | Noticed Gingerlord's ghost (amateur GrFi)
  2550 | D:4      | Noticed a phantom
  2663 | D:3      | Killed Gingerlord's ghost
  2663 | D:3      | Reached skill level 5 in Fighting
  2663 | D:3      | Reached XP level 7. HP: 42/44 MP: 7/7
  3340 | D:4      | Reached skill level 5 in Armour
  3340 | D:4      | Reached skill level 5 in Shields
  3610 | D:4      | Noticed Gingerlord's ghost (novice GrFi)
  3617 | D:4      | Noticed Pikel
  3746 | D:4      | Reached XP level 8. HP: 50/50 MP: 8/8
  4006 | D:4      | Killed Gingerlord's ghost
  4009 | D:4      | Got a sparkling amethyst amulet
  4010 | D:4      | Identified the amulet of Ylum {RegenMP +Blink Str+4} (You took it off a goblin on level 4 of the Dungeon)
  4395 | D:4      | Killed Pikel
  4395 | D:4      | Reached XP level 9. HP: 49/56 MP: 9/9
  4571 | D:5      | Entered Level 5 of the Dungeon
  4581 | D:5      | Found a sparkling altar of Nemelex Xobeh.
  4586 | D:5      | Noticed Grinder
  4590 | D:5      | Paralysed by Grinder for 7 turns
  4604 | D:5      | Killed Grinder
  4604 | D:5      | Reached skill level 5 in Long Blades
  4734 | D:5      | Noticed Edmund
  4758 | D:5      | Killed Edmund
  5002 | D:5      | Noticed Blork the orc
  5016 | D:5      | Killed Blork the orc
  5188 | D:6      | Found an iron altar of Okawaru.
  5258 | D:6      | Got a heavily runed cloak
  5264 | D:6      | Identified the +3 cloak "Tedaf" {rPois rF- Regen+ Dex+2} (You found it on level 6 of the Dungeon)
  5268 | D:6      | Became a worshipper of Warmaster Okawaru
  5942 | D:6      | Got a polished plate armour
  5953 | D:6      | Identified the +10 plate armour of Kughinuehei {*Drain rC++ Regen+} (You found it on level 6 of the Dungeon)
  6081 | D:7      | Reached * piety under Okawaru
  6081 | D:7      | Reached skill level 1 in Invocations
  6081 | D:7      | Reached XP level 10. HP: 60/63 MP: 10/10
  6085 | D:7      | Found a staircase to the Ecumenical Temple.
  6837 | D:8      | Found Liosysa's General Store.
  6880 | D:8      | Bought a potion of agility for 52 gold pieces
  6960 | D:8      | Found a staircase to the Lair.
  7193 | D:8      | Reached ** piety under Okawaru
  7794 | D:9      | Noticed Psyche
  7810 | D:9      | Killed Psyche
  7837 | D:9      | Found an ancient bone altar of Kikubaaqudgha.
  7838 | D:9      | Found a glowing golden altar of the Shining One.
  7840 | D:9      | Found a radiant altar of Vehumet.
  7840 | D:9      | Found a bloodstained altar of Trog.
  7893 | D:9      | Reached *** piety under Okawaru
  7960 | D:9      | Found a flagged portal.
  7970 | Bailey   | Entered a bailey
  8233 | Bailey   | Reached XP level 11. HP: 69/69 MP: 12/14
  8385 | Bailey   | Reached **** piety under Okawaru
  8543 | D:9      | Noticed Maurice
  8556 | D:9      | Killed Maurice
  8737 | D:9      | Found a burning altar of Makhleb.
  8796 | D:9      | Found Kiorec's Distillery.
  8820 | D:9      | Reached skill level 5 in Invocations
  8838 | D:9      | Bought a potion of agility for 52 gold pieces
  8838 | D:9      | Bought 2 potions of curing for 78 gold pieces
  8838 | D:9      | Bought 2 potions of curing for 78 gold pieces
  8838 | D:9      | Bought a potion of curing for 39 gold pieces
  8838 | D:9      | Bought a potion of curing for 39 gold pieces
  8838 | D:9      | Bought a potion of curing for 39 gold pieces
  8838 | D:9      | Bought a potion of curing for 39 gold pieces
  8838 | D:9      | Bought a potion of heal wounds for 65 gold pieces
  9166 | D:10     | Entered Level 10 of the Dungeon
  9356 | D:10     | Found a staircase to the Orcish Mines.
  9474 | D:10     | Noticed Dharzhak's ghost (journeyman GrFi)
  9587 | D:10     | Killed Dharzhak's ghost
  9766 | D:10     | Noticed a hill giant
  9778 | D:10     | Killed a hill giant
  9778 | D:10     | Reached ***** piety under Okawaru
  9888 | D:10     | Noticed a tengu warrior
  9918 | D:10     | Killed a tengu warrior
  9918 | D:10     | Received a gift from Okawaru
 10036 | D:10     | Noticed a five-headed hydra
 10095 | D:11     | Found Hoklen's Armour Shop.
 10186 | D:11     | Noticed a red ugly thing
 10186 | D:11     | Found a large runed door.
 10186 | D:11     | Found a large runed door.
 10186 | D:11     | Noticed a five-headed hydra
 10186 | D:11     | Noticed a red ugly thing
 10186 | D:11     | Noticed a death knight
 10318 | Lair:1   | Entered Level 1 of the Lair of Beasts
 10359 | Lair:1   | Noticed a four-headed hydra
 10495 | Lair:1   | Noticed an eight-headed hydra
 10687 | Lair:1   | Noticed a seven-headed hydra
 10852 | Lair:2   | Reached skill level 10 in Armour
 10954 | Lair:2   | Noticed Fannar
 11011 | Lair:2   | Reached XP level 12. HP: 77/77 MP: 16/16
 11038 | Lair:2   | Killed Fannar
 11038 | Lair:2   | Reached skill level 10 in Fighting
 11182 | Lair:2   | Reached skill level 10 in Shields
 11296 | Lair:2   | Received a gift from Okawaru
 11633 | Lair:3   | Found a hole to the Spider Nest.
 12361 | Lair:3   | Received a gift from Okawaru
 12367 | Lair:3   | Got a scorched double sword {god gift}
 12373 | Lair:3   | Identified the +0 double sword of Okawaru's Generosity {vamp, rElec rC+} (Okawaru gifted it to you on level 3 of the Lair of Beasts)
 12835 | Lair:4   | Noticed a six-headed hydra
 12841 | Lair:4   | Identified a +5 rod of shadows (10/10) (You found it on level 4 of the Lair of Beasts)
 12850 | Lair:4   | Killed a six-headed hydra
 12862 | Lair:4   | Found a snail-covered altar of Cheibriados.
 13158 | Lair:4   | Found a frozen archway.
 13170 | IceCv    | Entered an ice cave
 13241 | IceCv    | Reached XP level 13. HP: 82/84 MP: 18/18
 13488 | IceCv    | Got a wavering bronze ring
 13605 | IceCv    | Identified the ring of the Yeti {rF+ MP-9 Int+2 Stlth-} (You found it in an ice cave)
 13811 | Lair:4   | Reached skill level 10 in Long Blades
 13898 | Lair:4   | Found a staircase to the Shoals.
 14303 | Lair:5   | Reached ****** piety under Okawaru
 14364 | Lair:5   | Received a gift from Okawaru
 14405 | Lair:5   | Got a smoking cloak
 14416 | Lair:5   | Identified the +1 cloak of Paranoia {rF+ rN+ Dex-3 Stlth+} (You found it on level 5 of the Lair of Beasts)
 15303 | Lair:6   | Received a gift from Okawaru
 15676 | Lair:7   | Reached skill level 5 in Dodging
 15832 | Lair:7   | Found a labyrinth entrance.
 15841 | Lab      | Entered a labyrinth
 15918 | Lab      | Noticed a minotaur
 15927 | Lab      | Killed a minotaur
 16023 | Lair:7   | Gained mutation: Your large and strong wings let you fly indefinitely. [Gargoyle growth]
 16023 | Lair:7   | Reached XP level 14. HP: 81/91 MP: 10/19
 16533 | Lair:8   | Entered Level 8 of the Lair of Beasts
 16649 | Lair:8   | Found a staircase to the Slime Pits.
 16724 | Lair:8   | Noticed MegasTu's ghost (journeyman DsBe)
 16783 | Lair:8   | Killed MegasTu's ghost
 17029 | Lair:8   | Received a gift from Okawaru
 18504 | Orc:1    | Entered Level 1 of the Orcish Mines
 18530 | Orc:1    | Paralysed by an orc sorcerer for 5 turns
 18885 | Orc:2    | Entered Level 2 of the Orcish Mines
 19038 | Orc:2    | Received a gift from Okawaru
 19537 | Orc:2    | Found a staircase to the Elven Halls.
 19992 | Orc:2    | Found Pahoal's Distillery.
 19997 | Orc:2    | Found Plog's Food Boutique.
 20004 | Orc:2    | Reached XP level 15. HP: 90/97 MP: 11/20
 20017 | Orc:2    | Gained mutation: Your flesh is cold resistant. [a neqoxec]
 20042 | Orc:2    | Bought a potion of haste for 140 gold pieces
 20042 | Orc:2    | Bought a potion of might for 56 gold pieces
 20042 | Orc:2    | Bought a potion of heal wounds for 70 gold pieces
 20042 | Orc:2    | Bought a potion of curing for 42 gold pieces
 20042 | Orc:2    | Bought a potion of curing for 42 gold pieces
 20044 | Orc:2    | Bought a meat ration for 50 gold pieces
 20044 | Orc:2    | Bought a meat ration for 50 gold pieces
 20044 | Orc:2    | Bought a bread ration for 50 gold pieces
 20044 | Orc:2    | Bought a bread ration for 50 gold pieces
 20415 | Orc:2    | Received a gift from Okawaru
 20825 | Orc:2    | Gained mutation: You expend magic power (3 MP) to strengthen your wands. [a neqoxec]
 20837 | Orc:2    | Paralysed by an orc sorcerer for 3 turns
 20840 | Orc:2    | Received a gift from Okawaru
 20850 | Orc:2    | Gained mutation: You are clumsy. (Dex -2) [a neqoxec]
 20863 | Orc:2    | Paralysed by an orc sorcerer for 3 turns
 20916 | Orc:2    | Paralysed by an orc sorcerer for 5 turns
 20919 | Orc:2    | HP: 2/98 [sixfirhy[an orc high priest] (6)]
 20919 | Orc:2    | Slain by a sixfirhy

Skill      XL: |  1  2  3  4  5  6  7  8  9 10 11 12 13 14 15 |
---------------+----------------------------------------------+-----
Long Blades    | 2 3 4 6 7 8 9 11 12 | 12.8
Dodging        | 1 2 3 4 5 6 |  6.8
Shields        | 4 5 6 7 8 9 11 12 | 12.9
Fighting       | 4 5 6 7 8 9 10 11 12 13 | 13.0
Armour         | 4 5 6 7 8 10 11 12 13 | 13.0
Invocations    | 1 4 6 7 |  7.9
Stealth        | |  0.2

Action                   |  1- 3 |  4- 6 |  7- 9 | 10-12 | 13-15 || total
-------------------------+-------+-------+-------+-------+-------++-------
Melee: Long sword        |   138 |   162 |   557 |  1756 |       ||  2613
       Punch             |       |       |       |     1 |       ||     1
       Double sword      |       |       |       |   166 |   336 ||   502
       Great sword       |       |       |       |    40 |   289 ||   329
       Demon blade       |       |       |       |       |  1033 ||  1033
Invok: Heroism           |       |       |       |     3 |     1 ||     4
       Finesse           |       |       |       |       |     1 ||     1
Evoke: Wand              |       |       |       |     6 |       ||     6
       Rod               |       |       |       |     1 |       ||     1
  Use: Potion            |       |     7 |     5 |       |     5 ||    17
       Scroll            |       |       |    10 |    12 |    14 ||    36
  Eat: Chunk             |     1 |     3 |     7 |     9 |    16 ||    36
       Beef jerky        |       |     1 |       |     2 |       ||     3
       Bread ration      |       |       |     1 |     2 |     2 ||     5
       Meat ration       |       |       |     1 |     1 |     1 ||     3
       Pizza             |       |       |       |     2 |     2 ||     4
       Fruit             |       |       |       |    11 |     3 ||    14
       Royal jelly       |       |       |       |     2 |       ||     2
Armor: Scale mail        |    78 |    19 |       |       |       ||    97
       Chain mail        |       |    73 |   340 |       |       ||   413
       Plate armour      |       |       |    50 |  1805 |  1272 ||  3127
Dodge: Dodged            |    49 |    48 |   162 |   803 |   576 ||  1638
Block: Shield            |    62 |    75 |   369 |  1234 |  1129 ||  2869
       Other             |       |       |       |       |    44 ||    44
       Reflection        |       |       |       |       |     1 ||     1
